Map: Tokamak LE

Players

LigerMaNN

  • Race: Zerg Zerg
  • League: Diamond
  • Spawn Location: 7:00

Artistic - Winner!

  • Race: Terran Terran
  • League: Master
  • Spawn Location: 1:00

VOD

Have the link to the VOD?

Description

Time

  • Played on: June 26, 2025, 3:45 a.m.
  • Length: 12:55
Show
View Real Time Build Order
Export as new Build Order

LigerMaNN Zerg 

Build Orders: Hatch First 

Get SALT Encoding   

  12  0:00  Drone  
  13  0:12  Overlord  
  13  0:19  Drone  
  14  0:31  Drone  
  14  0:32  Drone  
  16  0:37  Drone  
  17  0:50  Hatchery  
  17  0:53  Drone  
  17  0:57  Drone  
  18  1:08  Extractor  
  17  1:13  Spawning Pool  
  17  1:15  Drone  
  17  1:19  Drone  
  18  1:28  Drone  
  19  1:44  Drone  
  20  1:50  Drone  
  21  2:00  Overlord  
  21  2:12  Queen x2  
  21  2:14  Zergling x6  
  28  2:42  Metabolic Boost  
  28  2:46  Drone x5  
  28  2:48  Hatchery  
  28  2:49  Drone  
  33  3:01  Drone x2  
  35  3:07  Overlord  
  35  3:09  Overlord  
  35  3:14  Lair  
  35  3:25  Queen  
  35  3:42  Zergling x14  
  41  3:51  Drone  
  42  3:55  Roach Warren  
  41  4:07  Queen  
  41  4:08  Queen  
  45  4:11  Drone x5  
  45  4:13  Drone  
  51  4:23  Pneumatized Carapace  
  51  4:37  Overlord x4  
  51  4:51  Queen  
  50  5:13  Queen  
  52  5:16  Roach x11  
  52  5:19  Roach  
  76  5:21  Overlord  
  76  5:45  Drone x3  
  76  5:46  Extractor  
  76  5:47  Drone x9  
  89  6:11  Roach  
  89  6:25  Overlord x3  
  89  6:26  Overlord x6  
  87  6:37  Spore Crawler  
  87  6:39  Queen, Spore Crawler  
  82  6:40  Queen  
  82  6:41  Spore Crawler  
  82  6:43  Spore Crawler  
  76  7:08  Queen  
  76  7:14  Queen  
  80  7:15  Queen  
  62  7:42  Drone x10  
  62  7:43  Drone x6  
  68  7:44  Queen  
  68  7:50  Queen  
  70  7:51  Queen  
  70  7:53  Drone  
  73  8:04  Overlord  
  73  8:05  Overlord x4  
  73  8:12  Hydralisk Den  
  72  8:25  Drone  
  72  8:26  Drone  
  74  8:29  Hatchery  
  74  8:30  Spore Crawler  
  74  8:32  Spore Crawler  
  71  8:34  Spore Crawler  
  71  8:40  Drone x4  
  71  8:41  Drone  
  75  8:47  Spore Crawler x2  
  73  8:50  Drone x6, Spore Crawler x2  
  73  8:51  Drone  
  73  8:52  Drone  
  65  9:17  Queen x2  
  65  9:18  Queen  
  71  9:30  Zergling x6  
  71  9:31  Zergling x16  
  72  9:47  Queen  
  71  9:53  Queen x2  
  67  10:19  Hydralisk x7, Extractor  
  67  10:20  Extractor  
  67  10:21  Hydralisk  
  79  10:23  Queen  
  81  10:29  Queen x2  
  85  10:51  Drone  
  85  10:52  Drone x11  
  97  10:59  Queen  
  99  11:04  Queen x2  
  102  11:14  Hydralisk x8  
  118  11:19  Muscular Augments  
  118  11:23  Evolution Chamber  
  118  11:24  Evolution Chamber  
  116  12:00  Extractor  
  115  12:09  Extractor  
Show
View Real Time Build Order
Export as new Build Order

Artistic Terran - Winner!

Build Orders: Liberator Opening 

Get SALT Encoding   

  12  0:00  SCV  
  13  0:12  SCV  
  14  0:18  Supply Depot  
  14  0:24  SCV  
  15  0:28  Refinery  
  15  0:39  SCV  
  16  0:45  Barracks  
  16  0:51  SCV  
  17  1:03  SCV  
  18  1:21  SCV  
  19  1:34  Orbital Command  
  19  1:43  Command Center  
  19  1:46  Marine  
  20  1:57  Bunker  
  20  2:05  Factory  
  20  2:10  SCV  
  20  2:13  Marine  
  22  2:30  SCV  
  22  2:34  Refinery  
  22  2:36  Marine  
  23  2:39  Supply Depot  
  23  2:48  SCV, Factory Tech Lab  
  24  2:54  Starport  
  24  3:01  Orbital Command  
  24  3:08  Infernal Pre-Igniter  
  24  3:15  Hellion  
  24  3:19  Marine  
  25  3:39  Hellion, Marine, Liberator  
  29  3:44  SCV  
  29  3:46  SCV  
  31  3:56  Refinery  
  31  3:57  Marine  
  31  3:58  SCV  
  31  4:00  Hellion  
  31  4:01  SCV  
  36  4:04  Refinery  
  36  4:11  SCV  
  36  4:14  SCV  
  38  4:25  Fusion Core, SCV  
  38  4:26  Hellion, SCV  
  42  4:35  Marine  
  42  4:37  SCV  
  42  4:38  SCV  
  45  4:50  SCV x2  
  46  5:07  Starport Tech Lab  
  36  5:12  Marine  
  36  5:13  SCV x2  
  39  5:15  Weapon Refit  
  39  5:18  Hellion  
  39  5:19  Battlecruiser  
  47  5:25  SCV x2  
  49  5:32  Armory  
  49  5:34  Marine  
  50  5:37  SCV  
  50  5:39  SCV  
  52  5:44  Command Center  
  52  5:49  SCV  
  53  5:51  Supply Depot  
  53  5:55  Supply Depot x2  
  53  5:58  Factory Tech Lab  
  53  5:59  Barracks Reactor  
  53  6:00  SCV  
  54  6:12  Supply Depot  
  54  6:13  SCV x2  
  56  6:18  Supply Depot  
  56  6:19  Terran Vehicle Weapons Level 1  
  56  6:26  Battlecruiser  
  56  6:28  SCV  
  63  6:42  SCV x2  
  63  6:44  Marine x2, Siege Tank  
  70  6:57  SCV  
  71  7:02  Marine  
  72  7:12  SCV  
  72  7:13  SCV  
  62  7:29  SCV x2  
  51  7:30  Orbital Command  
  46  7:42  SCV x2  
  43  7:49  Marine, Battlecruiser  
  43  7:50  Marine, Siege Tank  
  54  7:55  SCV x2  
  56  8:08  SCV x3  
  59  8:15  Terran Vehicle Weapons Level 2  
  59  8:16  Marine x2  
  61  8:20  SCV x3  
  64  8:32  SCV x2  
  64  8:34  Siege Tank  
  69  8:36  Orbital Command  
  69  8:40  Factory  
  69  8:45  Refinery  
  69  8:50  Factory  
  69  8:51  SCV x2  
  69  8:54  Refinery, Marine x2  
  73  9:31  SCV  
  73  9:32  SCV  
  73  9:33  Siege Tank  
  78  9:44  SCV  
  78  9:45  SCV  
  79  9:54  SCV  
  79  9:56  SCV  
  74  10:05  Siege Tank  
  77  10:18  Factory Tech Lab  
  77  10:19  SCV, Factory Tech Lab  
  77  10:20  Supply Depot  
  76  10:37  Siege Tank  
  76  10:39  Siege Tank x2  
  76  10:41  Battlecruiser  
  91  10:50  SCV x3  
  94  11:00  Command Center  
  94  11:02  SCV x3  
  97  11:07  Armory  
  97  11:09  Siege Tank  
  100  11:12  Supply Depot  
  100  11:13  Factory  
  100  11:14  SCV x2  
  102  11:22  Siege Tank  
  102  11:24  SCV  
  106  11:27  Drilling Claws  
  106  11:29  Widow Mine  
  108  11:37  SCV  
  109  11:42  Widow Mine  
  109  11:44  Engineering Bay  
  111  12:05  Siege Tank  
  111  12:06  Siege Tank  
  117  12:14  Siege Tank  
Tags
 
Add a new tag
Caveats
  • Supply blocks, unpowered buildings, or Contaminate may cause inaccurate times.
  • Supply counts are checked every 10 seconds.